 Dungeon Sprint DCSS version 0.26.1-11-gd32895ea62 (webtiles) character file.

Game seed: 12686333408352251431

199 GenialerGandalf the Blocker (level 5, -12/53 HPs)
             Began as a Minotaur Fighter on July 13, 2021.
             Mangled by Kirke (13 damage)
             ... in the Dungeon (Sprint II: "The Violet Keep of Menkaure").
             The game lasted 00:03:48 (2146 turns).

GenialerGandalf the Blocker (Minotaur Fighter)      Turns: 2146, Time: 00:03:48

Health: -12/53     AC:  0    Str: 21    XL:     5   Next: 48%
Magic:  4/4        EV: 14    Int:  5    God:
Gold:   243        SH:  0    Dex: 10    Spells: 4/4 levels left

rFire    . . .     SeeInvis .   (weapon currently unavailable)
rCold    . . .     Faith    .   (shield currently unavailable)
rNeg     . . .     Spirit   .   (armour currently unavailable)
rPois    .         Reflect  .   (helmet currently unavailable)
rElec    .         Harm     .   (cloak currently unavailable)
rCorr    .         Rampage  .   (gloves currently unavailable)
Will     .....     NoTele   +   (boots currently unavailable)
Stlth    +.........             (no amulet)
HPRegen  0.17/turn              (ring currently unavailable)
MPRegen  0.09/turn              (ring currently unavailable)

@: pig-form, slowed, very slow
A: small, (retaliatory headbutt)
a: no special abilities


You were in the Dungeon.
You were a filthy swine.
You visited 1 branch You collected 243 gold pieces.

Inventory:

Hand Weapons
 a - a +0 war axe (melded)
Armour
 b - a +0 scale mail (melded)
 c - a +0 kite shield (melded)
Scrolls
 j - a scroll of blinking
Potions
 d - a potion of might
 f - a potion of heal wounds
 g - a potion of haste
 h - 2 potions of magic
 i - a potion of berserk rage


   Skills:
 + Level 8.2 Fighting
 + Level 5.9 Axes
 + Level 7.6 Armour
 + Level 1.6 Dodging
 + Level 8.2 Shields


You had 4 spell levels left.
You didn't know any spells.
Your spell library was empty.

Dungeon Overview and Level Annotations

Branches:
Dungeon (1/1)

Altars:

Shops:
D :=!=:=}[==[[(!?

Annotations:
D exclusion: oklob plant, Kirke


Innate Abilities, Weirdness & Mutations

((You reflexively headbutt those who attack you in melee.))
((You have a pair of horns on your head.))


Message History

You completely miss Kirke.
Kirke is lightly wounded.
The kobold demonologist looks satisfied for a moment.
Kirke hits you!
You hit Kirke.
Kirke is lightly wounded.
Kirke splashes around in the water.
Kirke hits you.
You barely miss Kirke.
Kirke is lightly wounded.
Kirke hits you.
You hit Kirke.
Kirke is moderately wounded.
The kobold demonologist begins to cast a cantrip, but forgets the words!
Kirke hits you!
* * * LOW HITPOINT WARNING * * *
The iron imp laughs crazily.
You hit Kirke.
Kirke is moderately wounded.
Kirke hits you!
You die...

..≈## °°≈°≈
############≈≈#+++#+++##
###########≈≈≈.........#
##.....∩.∩#≈≈≈≈.##+##..#
##....∩.∩.#Z5≈≈##
##.#### ##...∩.∩..#zK5≈#
#....# ##..∩.∩...#cc###
###..## ##.⌠.∩....#@##
#+# #.##..#
##....∩...#h#
##.###..#..#
##...∩.∩..'≈+
+.<.'.##'..#
##....∩.∩.#≈#
##.###..#...
#▓▓▓▓▓▓▓###(## #+#
#.##... ##(lY######≈≈###
###≈≈.. #?$l#E. ##≈≈≈#
#≈≈≈≈≈≈ #∩P?+$$# #+#≈##
##≈≈≈≈≈≈ #$$.#[##≈#
#≈≈##+##≈≈≈§≈≈≈
#!.$###§≈≈
##≈≈≈≈≈≈≈≈§§≈≈≈


You could see Kirke, a death yak, a yaktaur captain, a skeletal warrior, a
centaur warrior, a spectral bat, a kobold demonologist, a wyvern, an iron imp
(summoned) and a white imp (summoned).

Vanquished Creatures
  A water moccasin (D)
  4 worker ants (D)
5 creatures vanquished.

Vanquished Creatures (others)
  Menkaure (D)
  A water moccasin (D)
2 creatures vanquished.

Grand Total: 7 creatures vanquished

Notes
Turn   | Place    | Note
-------+----------+-------------------------------------------
     0 | D        | GenialerGandalf the Minotaur Fighter began the quest for
                  | the Orb.
     0 | D        | Reached XP level 1. HP: 19/19 MP: 0/0
     1 | D        | Noticed a worker ant
     1 | D        | Noticed a worker ant
     9 | D        | Killed a worker ant
    10 | D        | Reached skill level 5 in Fighting
    10 | D        | Reached skill level 5 in Armour
    10 | D        | Reached skill level 5 in Shields
    10 | D        | Reached XP level 2. HP: 2/29 MP: 1/1
    10 | D        | HP: 1/29 [poisoned by a worker ant]
    16 | D        | Reached XP level 3. HP: 13/37 MP: 2/2
    21 | D        | Reached XP level 4. HP: 8/45 MP: 3/3
   232 | D        | Killed a water moccasin
   335 | D        | Noticed a water moccasin
   337 | D        | Noticed an obsidian statue
   345 | D        | Killed a water moccasin
   346 | D        | Reached skill level 5 in Axes
   346 | D        | Reached skill level 1 in Dodging
   346 | D        | Reached XP level 5. HP: 23/53 MP: 4/4
   524 | D        | Found Ceumaur's Magic Scroll Shoppe.
   525 | D        | Found Zeashog's Antique Weapon Shoppe.
   526 | D        | Found Tofuguan's Jewellery Emporium.
   526 | D        | Found Meisol's Antique Armour Shoppe.
   526 | D        | Found Dadghough's Antique Armour Shoppe.
   527 | D        | Found Ibios's Distillery.
   528 | D        | Found Rumeeno's Jewellery Emporium.
   528 | D        | Found Vuusiss's Gadget Shoppe.
   528 | D        | Found Urghaoxzo's Armour Emporium.
   528 | D        | Found Puafrol's Jewellery Shoppe.
   529 | D        | Found Ongi's Distillery.
   529 | D        | Found Wantargh's Jewellery Shoppe.
   529 | D        | Found Orast's Book Emporium.
   530 | D        | Found Wien's Jewellery Emporium.
   533 | D        | Noticed a death yak
   533 | D        | Noticed a wyvern
   538 | D        | Noticed an oklob plant
   539 | D        | Found Qoch's Book Shoppe.
   541 | D        | Noticed a wyvern
   563 | D        | Noticed an iron elemental
   635 | D        | Noticed an ice statue
  1857 | D        | Killed Menkaure
  2122 | D        | Noticed a centaur warrior
  2122 | D        | Noticed Kirke
  2122 | D        | Noticed a kobold demonologist
  2123 | D        | Noticed a yaktaur captain
  2137 | D        | Noticed a skeletal warrior
  2145 | D        | HP: 1/53 [Kirke (16)]
  2146 | D        | Mangled by Kirke

Illustrated notes

Levels and vault maps discovered:
D:        the_violet_keep_of_menkaure [sprint2_stairs_cluster_1,
          sprint2_shoproom, sprint2_temple, sprint2_basic_supplies,
          sprint2_obstacle_2, sprint2_obstacle_1, sprint2_obstacle_3,
          sprint2_obstacle_7, sprint2_obstacle_5, sprint2_timed_cluster_1,
          sprint2_smallroom_cluster_1, sprint2_smallroom_final_cluster_1,
          sprint2_transparent_cluster_1, sprint2_second_timed_cluster_1,
          sprint2_sniper_area_1, sprint2_heavy_combat_area_1,
          sprint2_mutation_trap_area_1, sprint2_forest_area_1,
          sprint2_light_combat_area_1, sprint2_behind_water_1,
          sprint2_near_end_vault_1]

Skill      XL: |  1  2  3  4 |
---------------+-------------+-----
Fighting       | 5 6 8 |  8.2
Axes           | 3 4 5 |  5.9
Armour         | 5 7 |  7.6
Shields        | 5 6 8 |  8.2
Dodging        | 1 |  1.6

Action                   |  1- 3 |  4- 6 || total
-------------------------+-------+-------++-------
Melee: War axe           |    15 |    19 ||    34
       Headbutt          |     1 |     6 ||     7
       Unarmed           |       |     7 ||     7
  Use: Potion            |     1 |       ||     1
Armor: Scale mail        |     8 |     2 ||    10
Dodge: Dodged            |     8 |     5 ||    13
Block: Kite shield       |    11 |     7 ||    18
